 Dungeon Crawl Stone Soup version 0.26-a0-712-ga5a9c9c9d0 (webtiles) character file.

Game seed: 14292954753096950731

43 dickylongcocking the Sneak (level 3, -2/26 HPs)
             Began as an Octopode Delver on Nov 1, 2020.
             Was an Initiate of Fedhas.
             Killed from afar by Natasha (9 damage)
             ... with a magic dart
             ... on level 3 of the Dungeon.
             The game lasted 00:00:33 (708 turns).

dickylongcocking the Sneak (Octopode Delver)         Turns: 708, Time: 00:00:33

Health: -2/26      AC:  1    Str: 11      XL:     3   Next: 58%
Magic:  3/3        EV: 13    Int: 13      God:    Fedhas [......]
Gold:   19         SH:  0    Dex: 11 (13) Spells: 2/2 levels left

rFire    . . .     SeeInvis .   a - +0 mace
rCold    . . .     Faith    .   (no shield)
rNeg     . . .     Spirit   .   (helmet restricted)
rPois    .         Reflect  .   (no amulet)
rElec    .         Harm     .   g - ring of resist corrosion
rCorr    +         Rampage  .   (no ring)
MR       .....                  (no ring)
Stlth    +++++.....             (no ring)
HPRegen  0.08/turn              (no ring)
MPRegen  0.08/turn              (no ring)
                                (no ring)
                                (no ring)

@: slowed, very slow
A: almost no armour, stealthy swim, amphibious, 8 rings, constrict 8, camouflage
1, gelatinous body 1
a: Renounce Religion


You were on level 3 of the Dungeon.
You worshipped Fedhas.
Fedhas was noncommittal.
You visited 1 branch of the dungeon, and saw 3 of its levels.

You collected 19 gold pieces.

Inventory:

Hand Weapons
 a - a +0 mace (weapon)
Jewellery
 g - a ring of resist corrosion (left tentacle)
Wands
 f - a wand of digging (3)
Scrolls
 b - a scroll of fog
 d - a scroll of fear
 h - a scroll of immolation {unknown}


   Skills:
 + Level 3.2 Fighting
 + Level 2.1 Maces & Flails
 + Level 2.1 Dodging
 + Level 7.8 Stealth


You had 2 spell levels left.
You didn't know any spells.
Your spell library was empty.

Dungeon Overview and Level Annotations

Branches:
Dungeon (5/15)
 Temple: D:4-7

Altars:
Fedhas
Qazlal

Annotations:
D:3 Natasha
D:4 Dowan, Duvessa, Eustachio


Innate Abilities, Weirdness & Mutations

You cannot wear most types of armour.
You are very stealthy in the water. (Stealth+)
You are amphibious.
You can wear up to eight rings at the same time.
You can use your tentacles to constrict eight enemies at once.
Your skin changes colour to match your surroundings (Stealth+).
Your rubbery body absorbs attacks. (AC +1, EV +1)


Message History

The adder hisses angrily.
Natasha mumbles some strange words.
Natasha glows brightly for a moment.
You hit Natasha. Your grab misses Natasha. Your squeeze misses Natasha.
Natasha is moderately wounded.
Natasha stares at you and mumbles some strange words.
You feel yourself slow down. The adder bites you. Natasha claws you!
You are too injured to fight recklessly!
You are too injured to fight recklessly!
Unknown command.
You closely miss Natasha. Your grab misses Natasha.
Your squeeze misses Natasha.
Natasha is moderately wounded.
The adder bites you.
* * * LOW HITPOINT WARNING * * *
Natasha barely misses you. The adder barely misses you.
Natasha stares at you and mumbles some strange words.
The magic dart hits you!
You die...
Fedhas appreciates your contribution to the ecosystem.

*,*,*,*,*,,*#.............#.#*,..
,,,,,,,,,,,*###....#####..#.#*,..
⌠,,,,,⌠,,,,* #....#####..#.#*,..
,,,_,,,,,,,* #....##.....#.#**..
⌠,,,,,⌠,,,*####........#.##.###..
,,,,,,,,,,,,...........#.#.....##
*,*,*,*,*,**##......#..#........#
,,,,,,,,^,* #..hS.....###.......
,,,,,,,**** #..@...##..........#
,****,,* #......####.........
,,,,,,,* ######.............#
*,***,** #.#.##........# *,* *,*
####....#........# *,* *,*
#.....#.#.#......# *,*
*,*******#######........#+#.# *,*
*,,,,,,,,.....<.......#...#,* *,*
*********####....#..#.#.###,,


You could see Natasha and an adder.

Vanquished Creatures
  A quasit (D:5)
  An adder skeleton (D:4)
  A goblin (D:3)
  2 jackals (D:3)
  2 bats (D:3)
  4 rats (D:3)
11 creatures vanquished.

Notes
Turn   | Place    | Note
-------+----------+-------------------------------------------
     0 | D:5      | dickylongcocking the Octopode Delver began the quest for
                  | the Orb.
     0 | D:5      | Reached XP level 1. HP: 16/16 MP: 1/1
    13 | D:5      | Noticed a quasit
    22 | D:5      | Killed a quasit
    22 | D:5      | Reached skill level 7 in Stealth
    22 | D:5      | Reached XP level 2. HP: 5/21 MP: 2/2
    22 | D:5      | Reached XP level 3. HP: 6/26 MP: 3/3
   376 | D:4      | Noticed Duvessa
   377 | D:4      | Noticed Dowan
   390 | D:4      | Noticed Eustachio
   488 | D:3      | Noticed Natasha
   512 | D:3      | Found a blossoming altar of Fedhas.
   636 | D:3      | Became a worshipper of Fedhas Madash
   708 | D:3      | Killed from afar by Natasha

Illustrated notes

Levels and vault maps discovered:
D:3:      layout_basic, overflow_temple_1_default, elyvilon_altar_5,
          minivault_23, st_stairs_1, uniq_natasha
D:4:      layout_rooms, grunt_temple_overflow_lords_of_destruction,
          uniq_duvessa, uniq_pikel, uniq_eustachio
D:5:      corexii_shack_village, layout_basic, kennysheep_little_box,
          xom_teletrap_fun, nicolae_qazlal_general_emergency, basic_altar

Skill      XL: |  1 |
---------------+----+-----
Stealth        | 7 |  7.8
Fighting       | |  3.2
Maces & Flails | |  2.1
Dodging        | |  2.1

Action                   || total
-------------------------++-------
Melee: Mace              ||    26
       Constrict         ||     8
       Tentacles         ||     5
  Use: Scroll            ||     1
       Potion            ||     1
 Stab: Sleeping          ||     3
Armor: Skin              ||     6
Dodge: Dodged            ||    39

Table legend: (Time is in decaauts)
 A = Elapsed time spent in this place.
 B = Non-inter-level travel time spent in this place.
 C = Inter-level travel time spent in this place.
 D = Time resting spent in this place.
 E = Time spent auto-exploring this place.
 F = Levels seen in this place.
 G = Mean time per level.
                   A        B        C        D        E       F      G
               +--------+--------+--------+--------+--------+-----+--------+
         Total |    695 |    669 |     26 |    350 |    189 |   3 |  231.7 |
       Dungeon |    695 |    669 |     26 |    350 |    189 |   3 |  231.7 |
               +--------+--------+--------+--------+--------+-----+--------+

Top non-repeatable levels by time:
     D:5: 343 daAuts
     D:3: 306 daAuts
     D:4: 46 daAuts
